 Dungeon Crawl Stone Soup version 0.18.1-1-g2f07953 (webtiles) character file.

60 epen the Distorting Demonspawn (level 3, 0/29 HPs)
             Began as a Demonspawn Abyssal Knight on May 6, 2016.
             Was a Believer of Lugonu.
             Slain by Sigmund
             ... wielding a +0 scythe
              (2 damage)
             ... on level 2 of the Dungeon.
             The game lasted 00:03:21 (1695 turns).

epen the Distorting Demonspawn (DsAK)               Turns: 1695, Time: 00:03:22

Health: 0/29       AC: 11    Str: 15 (18) XL:     3   Next: 80%
Magic:  5/5        EV: 16    Int: 11 (13) God:    Lugonu [**....]
Gold:   44         SH:  0    Dex: 16 (17) Spells: 0 memorised, 2 levels left

rFire  . . .     SeeInvis .     a - +1 short sword
rCold  . . .     Gourm    .     p - +0 ring mail
rNeg   . . .     Faith    .     (no shield)
rPois  .         Spirit   .     (no helmet)
rElec  .         Dismiss  .     (no cloak)
rCorr  .         Reflect  .     l - +0 pair of gloves
SustAt .         Harm     .     q - +0 pair of boots
MR     .....                    (no amulet)
Stlth  ++........               (no ring)
                                (no ring)

@: mighty, agile, flying, not resistant to hostile enchantments, unstealthy
A: iridescent scales 1, rot immunity
a: Depart the Abyss, Bend Space, Renounce Religion


You were on level 2 of the Dungeon.
You worshipped Lugonu.
Lugonu was pleased with you.
You were hungry.

You visited 1 branch of the dungeon, and saw 2 of its levels.
You visited the Abyss 1 time.

You collected 44 gold pieces.

Inventory:

Hand Weapons
 a - a +1 short sword (weapon)
Armour
 b - a +0 leather armour
 l - a +0 pair of gloves (worn)
 p - a +0 ring mail (worn)
 q - a +0 pair of boots (worn)
Scrolls
 d - a scroll of random uselessness {unknown}
 e - a scroll of recharging {unknown}
 f - 3 scrolls of identify {unknown}
 g - 2 scrolls of remove curse {unknown}
 h - a scroll of amnesia {unknown}
 i - a scroll of enchant armour {unknown}
Comestibles
 c - 2 bread rations
 n - 2 meat rations
 o - 4 fruits


   Skills:
 + Level 3.1 Fighting
 * Level 2.2 Short Blades
 + Level 2.0 Armour
 + Level 1.7 Dodging
 * Level 3.9 Invocations


You had 2 spell levels left.
You didn't know any spells.

Dungeon Overview and Level Annotations

Branches:
Dungeon (2/15)

Altars:

Annotations:
D:2 Sigmund


Innate Abilities, Weirdness & Mutations

You are partially covered in iridescent scales (AC +4).
You are immune to rotting.


Message History

Something hits you!
* * * LOW HITPOINT WARNING * * *
Drink which item? (? for menu, Esc to quit)
It was a potion of flight.
You feel very buoyant.
You fly up into the air.
Something hits you.
* * * LOW HITPOINT WARNING * * *
Drink which item? (? for menu, Esc to quit)
It was a potion of might.
You feel very mighty all of a sudden.
Drink which item? (? for menu, Esc to quit)
It was a potion of agility.
You feel agile all of a sudden. Something hits you but does no damage.
Drink which item? (? for menu, Esc to quit)
It was a potion of degeneration.
There was something very wrong with that liquid.
You feel weakened.
You feel dopey.
You feel clumsy. Something hits you.
You die...

#########....)..##
#######.#
................#
#.......#
#########.......#
#........ #.......#
#........ #.......#
#........ #.......#
#........
#.......####†......#
########..{........#
#@..........#
#.....#######
#.....# #.....#
#.....# #.....#
#.....# #######


There were no monsters in sight!

Vanquished Creatures
  An adder (D:2)
  2 worms (D:2)
  4 dart slugs (D:1)
  A giant cockroach (D:1)
  7 goblins
  4 hobgoblins (D:1)
  3 jackals (D:2)
  6 bats (D:1)
  A giant newt (D:2)
  3 kobolds
  4 rats
36 creatures vanquished.

Notes
Turn   | Place    | Note
--------------------------------------------------------------
     0 | Abyss:1  | epen the Demonspawn Abyssal Knight began the quest for the Orb.
     0 | Abyss:1  | Reached XP level 1. HP: 18/18 MP: 2/2
     6 | D:1      | Escaped the Abyss
   137 | D:1      | Reached skill level 1 in Dodging
   346 | D:1      | Gained mutation: You are partially covered in iridescent scales (AC +4). [demonic ancestry]
   346 | D:1      | Reached XP level 2. HP: 17/24 MP: 4/4
   700 | D:1      | Reached ** piety under Lugonu
   740 | D:1      | Gained mutation: You are immune to rotting. [demonic ancestry]
   740 | D:1      | Reached XP level 3. HP: 23/29 MP: 5/5
  1659 | D:2      | Noticed Sigmund
  1695 | D:2      | Slain by Sigmund

Skill      XL: |  1  2  3 |
---------------+----------+-----
Dodging        | 1 |  1.7
Invocations    | 3 |  3.9
Short Blades   | 2 |  2.2
Armour         | 2 |  2.0
Fighting       | |  3.1

Action                   || total
-------------------------++-------
Melee: Short sword       ||   179
  Use: Potion            ||     4
  Eat: Chunk             ||     2
Armor: Leather armour    ||    26
       Ring mail         ||    39
Dodge: Dodged            ||    98
